 Dungeon Crawl Stone Soup version 0.29-a0-775-g4d7333d4e2 (webtiles) character file.

Game seed: 3193561768851372275

1 purpskrrrp the Sneak (level 1, -1/19 HPs)
             Began as a Hill Orc Delver on July 1, 2022.
             Slain by an adder (3 damage)
             ... on level 4 of the Dungeon.
             The game lasted 00:01:39 (179 turns).

purpskrrrp the Sneak (Hill Orc Delver)               Turns: 179, Time: 00:01:40

Health: -1/19      AC:  3    Str: 14    XL:     1   Next: 20%
Magic:  1/1        EV: 11    Int: 10    God:
Gold:   16         SH:  0    Dex: 12    Spells: 0/0 levels left

rFire   . . .      SeeInvis .   a - +0 hand axe
rCold   . . .      Faith    .   (no shield)
rNeg    . . .      Spirit   .   b - +0 leather armour
rPois   .          Reflect  .   (no helmet)
rElec   .          Harm     .   (no cloak)
rCorr   .          Rampage  .   (no gloves)
Will    .....                   (no boots)
Stlth   ++........              (no amulet)
HPRegen 0.06/turn               (no ring)
MPRegen 0.07/turn               (no ring)

@: lethally poisoned (-1 -> -7)
A: no striking features
a: no special abilities


You were on level 4 of the Dungeon.
You visited 1 branch of the dungeon, and saw 2 of its levels.

You collected 16 gold pieces.

Inventory:

Hand Weapons
 a - a +0 hand axe (weapon)
Armour
 b - a +0 leather armour (worn)
Wands
 g - a wand of digging (3)
Scrolls
 c - a scroll of fog
 d - a scroll of magic mapping
 e - a scroll of fear
Potions
 f - a potion of haste
 h - a potion of brilliance {unknown}
 i - a potion of attraction {unknown}


   Skills:
 + Level 3.6 Fighting
 + Level 2.7 Axes
 + Level 1.5 Dodging
 + Level 4.1 Stealth


You couldn't memorise any spells.
You didn't know any spells.
Your spell library was empty.

Dungeon Overview and Level Annotations

Branches:
Dungeon (5/15)
 Temple: D:4-7

Altars:

Annotations:
D:4 3 runed translucent doors, purpskrrrp's ghost, weakling HODe


Message History

There is a stone staircase leading up here.
You start resting.
HP restored.
A black bear comes into view.
The black bear growls angrily.
A black bear is nearby!
A black bear is nearby!
There is a stone staircase leading up here.
You climb upwards.
Found 15 gold pieces, a smoky amethyst potion and a pair of gloves.
Found a runed translucent gate.
There is a stone staircase leading down here.
An adder comes into view.
An adder is nearby!
Found 2 stones.
The adder hisses angrily.
A quokka comes into view.
A hobgoblin comes into view.
The adder attacks as you move away! The adder barely misses you.
The adder attacks as you move away! The adder bites you but does no damage.
The adder bites you.
You miss the adder. The adder bites you but does no damage.
The adder barely misses you.
You barely miss the adder. The adder bites you.
You are poisoned.
The adder poisons you!
You hit the adder.
The adder is moderately wounded.
You feel sick. The adder bites you.
You are lethally poisoned!
The adder poisons you! The adder bites you.
You closely miss the adder.
The adder is moderately wounded.
* * * LOW HITPOINT WARNING * * *
You feel very sick. The adder bites you but does no damage.
You hit the adder.
The adder is heavily wounded.
* * * LOW HITPOINT WARNING * * *
You feel sick. The adder bites you.
You die...

####### #.....# #.....#
##....># #.......
#################.......
.......@Sr...........###
#########............#ZZ
#...###.......###W
.....## #.......# .$
####. #.......###. #.
##rg##### .. #. ..... ##
.. ...... .(


You could see an adder and a quokka.

Vanquished Creatures
  A quokka (D:5)
1 creature vanquished.

Notes
Turn   | Place    | Note
-------+----------+-------------------------------------------
     0 | D:5      | purpskrrrp the Hill Orc Delver began the quest for the Orb.
     0 | D:5      | Reached XP level 1. HP: 19/19 MP: 1/1
    28 | D:5      | Noticed an iguana
   135 | D:5      | Noticed a black bear
   150 | D:5      | Noticed a jelly
   151 | D:4      | Found a runed translucent gate.
   151 | D:4      | Found a runed translucent gate.
   151 | D:4      | Found a runed translucent gate.
   152 | D:4      | Noticed purpskrrrp's ghost (weakling HODe)
   179 | D:4      | Slain by an adder

Illustrated notes

Levels and vault maps discovered:
D:4:      layout_rooms, mainiacjoe_overflow_alcove_1, temple_statues,
          serial_shops, nicolae_shop_stone, gammafunk_ghost_necromancy
D:5:      layout_cave_pools, minmay_ogre_servants

Action                   || total
-------------------------++-------
Melee: Hand axe          ||    12
Armor: Leather armour    ||     5
Dodge: Dodged            ||     6

Table legend: (Time is in decaauts)
 A = Elapsed time spent in this place.
 B = Non-inter-level travel time spent in this place.
 C = Inter-level travel time spent in this place.
 D = Time resting spent in this place.
 E = Time spent auto-exploring this place.
 F = Levels seen in this place.
 G = Mean time per level.
                   A        B        C        D        E       F      G
               +--------+--------+--------+--------+--------+-----+--------+
         Total |    180 |    147 |     33 |     68 |     18 |   2 |   90.0 |
       Dungeon |    180 |    147 |     33 |     68 |     18 |   2 |   90.0 |
               +--------+--------+--------+--------+--------+-----+--------+

Top non-repeatable levels by time:
     D:5: 152 daAuts
     D:4: 28 daAuts
